 Dungeon Crawl Stone Soup version 0.31.0-9-g3a7656b989 (webtiles) character file.

Game seed: 1753632789126537831

562 qw the Skirmisher (level 7, -1/40 HPs)
             Began as a Deep Elf Hunter on Feb 2, 2024.
             Was an Initiate of Okawaru.
             Slain by a bombardier beetle (2 damage)
             ... on level 6 of the Dungeon.
             The game lasted 00:00:18 (3635 turns).

qw the Skirmisher (Deep Elf Hunter)                 Turns: 3635, Time: 00:00:18

Health: -1/40      AC: 10    Str:  8    XL:     7   Next: 10%
Magic:  7/9        EV: 14    Int: 22    God:    Okawaru [......]
Gold:   260        SH:  0    Dex: 18    Spells: 6/6 levels left

rFire   . . .        a - +0 shortbow (elec)
rCold   . . .        (shield currently unavailable)
rNeg    . . .        j - +1 ring mail
rPois   +            (no helmet)
rElec   .            (no cloak)
rCorr   .            m - +2 pair of gloves
SInv    .            (no boots)
Will    .....        h - amulet of the acrobat
Stlth   ++++         l - ring of poison resistance
HPRegen 0.26/turn    (no ring)
MPRegen 0.11/turn

%: acrobat
@: heroic
A: thin skeletal structure 1, clever 2, screaming 1
a: Renounce Religion


You were on level 6 of the Dungeon.
You worshipped Okawaru.
Okawaru was noncommittal.
You visited 2 branches of the dungeon, and saw 7 of its levels.

You collected 260 gold pieces.


Innate Abilities, Weirdness & Mutations

You have a somewhat thin skeletal structure. (Dex +2, Stealth+)
Your mind is very acute. (Int +8, Str/Dex -2)
You occasionally shout uncontrollably at your foes.


   Skills:
 - Level 2.0(7.0) Fighting
 + Level 10.0(15.0) Ranged Weapons
 - Level 1.5(6.5) Armour
 - Level 4.0(9.0) Dodging
 - Level 1.2(6.2) Stealth
 + Level 0.0 Invocations


You had 6 spell levels left.
You didn't know any spells.
Your spell library was empty.

Inventory:

Hand Weapons
 a - a +0 shortbow of electrocution (weapon)
Armour
 j - a +1 ring mail (worn)
 m - a +2 pair of gloves (worn)
Jewellery
 f - a ring of poison resistance
 h - an amulet of the acrobat (around neck)
 l - a ring of poison resistance (left hand)
Wands
 n - a wand of flame (10)
Potions
 b - a potion of resistance
 d - a potion of mutation
 e - a potion of curing
 k - a potion of cancellation {unknown}
 p - a potion of degeneration {unknown}

Dungeon Overview and Level Annotations

Branches:
Dungeon (6/15)             Temple (1/1) D:4

Altars:
Ashenzari
Cheibriados
Dithmenos
Elyvilon
Fedhas
Gozag
Hepliaklqana
Kikubaaqudgha
Makhleb
Nemelex Xobeh
Okawaru
Qazlal
Sif Muna
Uskayaw
Vehumet
Wu Jian
Xom
Yredelemnul
Zin
The Shining One

Annotations:
D:4 1 runed translucent door, Crazy Yiuf
D:6 Dowan, Menkaure


Message History

Duvessa hits you but does no damage. The phantom barely misses you.
You shoot an arrow. The arrow barely misses Duvessa.
The arrow hits the bombardier beetle.
The bombardier beetle is moderately wounded.
Duvessa misses you.
The phantom hits you but does no damage.
Duvessa closely misses you.
You shoot an arrow.
The arrow hits Duvessa but does no damage.
Duvessa is severely wounded.
The phantom barely misses you.
Menkaure screams, "Why can't you leave me to my rest?"
Duvessa barely misses you.
You shoot an arrow. The arrow hits Duvessa.
Duvessa is almost dead.
The phantom hits you.
Menkaure calls on the powers of darkness!
Your body is wracked with pain!
The bombardier beetle convulses!
Duvessa hits you but does no damage.
The phantom hits you but does no damage.
You shoot an arrow. The arrow barely misses Duvessa.
The arrow hits the bombardier beetle but does no damage.
The bombardier beetle is severely wounded.
Duvessa hits you but does no damage.
The phantom hits you but does no damage.
You shoot an arrow. The arrow hits Duvessa!
Lightning courses through Duvessa!!
You kill Duvessa!
Okawaru accepts your kill.
You can now gain great but temporary skills.
You hear a distant wail of despair.
Menkaure calls on the powers of darkness!
Your body is wracked with pain!
The bombardier beetle convulses!
The phantom hits you.
Your Armour skill increases to level 1!
You have reached level 7!
3635 ||| INVOKING Heroism.
You gain the combat prowess of a mighty hero.
You can no longer gain great but temporary skills.
Dowan seems to find hidden reserves of power!
The bombardier beetle bites you.
You die...

.....#
.....##
...... ..#
#....##..##
#>.....[..#
#.$.#.#.#.#
#B#.......#
#@#.#.#.#.#
#W#.......#
#M>ยค#.#.#.#
#.........#
###.....#####
#...<.###
#.....#
#.....#
#.....#


You could see a phantom, Menkaure (fast) and a bombardier beetle.

Vanquished Creatures
  Duvessa (D:6)
  An ogre (D:5)
  A phantom (D:4)
  A scorpion (D:5)
  2 howler monkeys
  A hound (D:5)
  2 iguanas (D:5)
  7 adders
  2 ufetubi (D:3)
  2 dart slugs
  A ribbon worm (D:2)
  2 orcs
  2 endoplasms
  4 giant cockroaches
  3 goblins
  9 hobgoblins
  9 quokkas
  7 ball pythons
  6 bats
  A frilled lizard (D:1)
  2 kobolds
  9 rats
75 creatures vanquished.

Notes
Turn   | Place    | Note
-------+----------+-------------------------------------------
     0 | D:1      | qw the Deep Elf Hunter began the quest for the Orb.
     0 | D:1      | Reached XP level 1. HP: 12/12 MP: 3/3
     0 | D:1      | 0 ||| qw: Version: 0.3-a-155-g5e7d8dd
     0 | D:1      | 0 ||| qw: Game counter: 2207
     0 | D:1      | 0 ||| qw: Melee chars always use a shield: true
     0 | D:1      | 0 ||| qw: God list: Okawaru
     0 | D:1      | 0 ||| qw: Allow faded altars: false
     0 | D:1      | 0 ||| qw: Do Orc after clearing Dungeon:15 true
     0 | D:1      | 0 ||| qw: Do second Lair branch before Depths: true
     0 | D:1      | 0 ||| qw: Lair rune preference: random
     0 | D:1      | 0 ||| qw: Goals: Normal
     0 | D:1      | 0 ||| PLANNING D:1-11
   307 | D:1      | Reached skill level 6 in Ranged Weapons
   307 | D:1      | Reached XP level 2. HP: 16/16 MP: 4/4
   657 | D:1      | 657 ||| UPGRADING to +0 scale mail.
   667 | D:1      | 667 ||| DROPPING +0 leather armour.
   668 | D:1      | 668 ||| UPGRADING to +0 ring mail.
   678 | D:1      | 678 ||| DROPPING +0 scale mail.
   679 | D:1      | 679 ||| UPGRADING to amulet of the acrobat.
   684 | D:1      | 684 ||| READING 2 scrolls labelled YJOUCK ISIS.
   684 | D:1      | 684 ||| IDENTIFYING murky golden potion
   685 | D:1      | 685 ||| READING scroll of identify.
   685 | D:1      | 685 ||| IDENTIFYING orange potion
   686 | D:1      | 686 ||| READING scroll labelled JAGEESUANO.
   687 | D:1      | 687 ||| DROPPING scroll of butterflies.
   688 | D:1      | 688 ||| DROPPING potion of ambrosia.
   712 | D:2      | 712 ||| STAIRDANCE
   716 | D:2      | 716 ||| STAIRDANCE
   726 | D:2      | 726 ||| STAIRDANCE
   730 | D:1      | Reached XP level 3. HP: 12/20 MP: 5/5
   954 | D:2      | Reached skill level 7 in Ranged Weapons
  1238 | D:2      | 1238 ||| UPGRADING to +0 pair of gloves.
  1243 | D:2      | 1243 ||| READING scroll of identify.
  1243 | D:2      | 1243 ||| IDENTIFYING metallic blue potion
  1244 | D:2      | 1244 ||| READING scroll labelled FAUHEJ DIUTTEAST.
  1244 | D:2      | 1244 ||| BRANDING +0 shortbow.
  1245 | D:2      | 1245 ||| READING 2 scrolls labelled ITAEGYT YHUUKK.
  1245 | D:2      | 1245 ||| ENCHANTING +0 pair of gloves.
  1246 | D:2      | 1246 ||| READING scroll of enchant armour.
  1246 | D:2      | 1246 ||| ENCHANTING +1 pair of gloves.
  1247 | D:2      | 1247 ||| READING scroll labelled OPHIMO PAOLY.
  1248 | D:2      | 1248 ||| READING scroll labelled XEALOSTR JOIBU.
  1253 | D:2      | 1253 ||| DROPPING potion of attraction.
  1395 | D:3      | Reached XP level 4. HP: 25/25 MP: 6/6
  1539 | D:3      | 1539 ||| FLEEEEING.
  1540 | D:3      | 1540 ||| FLEEEEING.
  1541 | D:3      | 1541 ||| FLEEEEING.
  1542 | D:3      | 1542 ||| FLEEEEING.
  1543 | D:3      | 1543 ||| FLEEEEING.
  1544 | D:3      | 1544 ||| FLEEEEING.
  1545 | D:3      | 1545 ||| FLEEEEING.
  1546 | D:3      | 1546 ||| FLEEEEING.
  1547 | D:3      | 1547 ||| FLEEEEING.
  1548 | D:3      | 1548 ||| FLEEEEING.
  1549 | D:3      | 1549 ||| FLEEEEING.
  1624 | D:3      | Found a stormy altar of Qazlal.
  1868 | D:3      | 1868 ||| UPGRADING to ring of poison resistance.
  1869 | D:3      | 1869 ||| READING 2 scrolls labelled IMABLE DATIDEFF.
  1870 | D:3      | 1870 ||| DROPPING scroll of amnesia.
  1887 | D:4      | 1887 ||| STAIRDANCE
  1898 | D:4      | 1898 ||| STAIRDANCE
  1971 | D:4      | 1971 ||| STAIRDANCE
  2041 | D:4      | Reached skill level 8 in Ranged Weapons
  2077 | D:4      | Noticed a phantom
  2081 | D:4      | Killed a phantom
  2082 | D:4      | Reached XP level 5. HP: 29/29 MP: 7/7
  2380 | D:4      | Reached skill level 9 in Ranged Weapons
  2505 | D:4      | Found a staircase to the Ecumenical Temple.
  2506 | D:4      | 2506 ||| PLANNING TEMPLE
  2506 | D:4      | 2506 ||| READING scroll of identify.
  2506 | D:4      | 2506 ||| IDENTIFYING sedimented blue potion
  2515 | Temple   | Entered the Ecumenical Temple
  2516 | Temple   | 2516 ||| PLANNING OKAWARU WORSHIP
  2525 | Temple   | Became a worshipper of Warmaster Okawaru
  2526 | Temple   | 2526 ||| PLANNING D:1-11
  2615 | D:4      | Found a runed translucent door.
  2616 | D:4      | Noticed Crazy Yiuf
  2641 | D:5      | Entered Level 5 of the Dungeon
  2848 | D:5      | Reached XP level 6. HP: 35/35 MP: 8/8
  2901 | D:5      | Reached skill level 10 in Ranged Weapons
  3023 | D:5      | 3023 ||| READING scroll of enchant armour.
  3023 | D:5      | 3023 ||| ENCHANTING +0 ring mail.
  3214 | D:5      | Found a white marble altar of Elyvilon.
  3217 | D:5      | Found a glowing silver altar of Zin.
  3218 | D:5      | Found a glowing golden altar of the Shining One.
  3363 | D:5      | 3363 ||| READING 2 scrolls of identify.
  3363 | D:5      | 3363 ||| IDENTIFYING ruby potion
  3364 | D:5      | 3364 ||| READING scroll of identify.
  3364 | D:5      | 3364 ||| IDENTIFYING metallic amethyst potion
  3365 | D:5      | 3365 ||| READING scroll labelled ZOFAT FUME.
  3366 | D:5      | 3366 ||| READING scroll labelled LULUWN HESOY.
  3467 | D:5      | 3467 ||| DRINKING 2 viscous cyan potions.
  3467 | D:5      | Gained mutation: You occasionally shout uncontrollably at
                  | your foes. [potion of mutation]
  3467 | D:5      | Gained mutation: Your mind is acute. (Int +4, Str/Dex -1)
                  | [potion of mutation]
  3467 | D:5      | Gained mutation: Your mind is very acute. (Int +8, Str/Dex
                  | -2) [potion of mutation]
  3467 | D:5      | Gained mutation: You have a somewhat thin skeletal
                  | structure. (Dex +2, Stealth+) [potion of mutation]
  3468 | D:5      | 3468 ||| DRINKING 2 viscous ruby potions.
  3469 | D:5      | 3469 ||| DROPPING potion of lignification.
  3470 | D:5      | 3470 ||| DROPPING potion of brilliance.
  3522 | D:6      | Noticed Menkaure
  3523 | D:6      | 3523 ||| STAIRDANCE
  3527 | D:6      | 3527 ||| STAIRDANCE
  3619 | D:6      | HP: 6/35 [phantom (5)]
  3619 | D:6      | Noticed Duvessa
  3620 | D:6      | 3620 ||| DRINKING potion of heal wounds.
  3621 | D:6      | 3621 ||| RETREEEEATING.
  3622 | D:6      | 3622 ||| RETREEEEATING.
  3623 | D:6      | Noticed Dowan
  3625 | D:6      | HP: 8/35 [Duvessa/+0 short sword (2)]
  3632 | D:6      | HP: 8/35 [phantom (1)]
  3634 | D:6      | Killed Duvessa
  3634 | D:6      | Reached * piety under Okawaru
  3634 | D:6      | HP: 1/35 [phantom (3)]
  3635 | D:6      | Reached skill level 1 in Armour
  3635 | D:6      | Reached XP level 7. HP: 1/40 MP: 9/9
  3635 | D:6      | 3635 ||| INVOKING Heroism.
  3635 | D:6      | Slain by a bombardier beetle

Levels and vault maps discovered:
D:1:      giann_bridges, layout_basic, minmay_door_square
D:2:      minmay_recursive_quarters, layout_rooms
D:3:      kennysheep_big_flooded_room, layout_basic, lemuel_doored_altar,
          dk_noncrumbling_3, hangedman_decor_clover_reticule,
          corexii_leaking_fountain
D:4:      layout_rooms, minmay_temple_entry_waves, uniq_crazy_yiuf_cottage
D:5:      wander_river, layout_gridville, good_gods_temple_1
D:6:      layout_rooms, serial_glass, glass_columns_a, glass_columns_b,
          serial_shops, shop, nicolae_shop_mannequins,
          nicolae_shop_hallway_plus, uniq_pikel, uniq_menkaure, uniq_duvessa
Temple:   nicolae_temple_bog_church

Skill      XL: |  1  2  3  4  5  6 |
---------------+-------------------+-----
Ranged Weapons | 6 7 8 9 10 | 10.0
Fighting       | 2 |  2.0
Dodging        | 4 |  4.0
Armour         | 1 |  1.5
Stealth        | |  1.2

Action                     |  1- 3 |  4- 6 |  7- 9 || total
---------------------------+-------+-------+-------++-------
   Fire: Shortbow          |    92 |   127 |       ||   219
 Invoke: Heroism           |       |       |     1 ||     1
    Use: Scroll            |     9 |     7 |       ||    16
         Potion            |       |     3 |       ||     3
 Armour: Leather armour    |     7 |       |       ||     7
         Ring mail         |    11 |    78 |     1 ||    90
  Dodge: Dodged            |    17 |    59 |       ||    76

Table legend:
 A = Non-vault XP
 B = Vault XP
 C = Vault XP percentage of total XP
 D = Non-vault monster count
 E = Vault monster count
 F = Vault count percentage of total count
                 A         B        C        D         E       F
            +---------+---------+-------+---------+---------+-------
      Total |     708 |      95 |  11.8 |      65 |      10 |  13.3
            +---------+---------+-------+---------+---------+-------
        D:1 |      40 |       0 |   0.0 |      18 |       0 |   0.0
        D:2 |      22 |      16 |  42.1 |      13 |       7 |  35.0
        D:3 |      59 |       5 |   7.8 |      13 |       2 |  13.3
        D:4 |     192 |       0 |   0.0 |      11 |       0 |   0.0
        D:5 |     395 |       0 |   0.0 |      10 |       0 |   0.0
        D:6 |       0 |      74 | 100.0 |       0 |       1 | 100.0
            +---------+---------+-------+---------+---------+-------
